 Dungeon Crawl Stone Soup version 0.20-a0-277-g7db01f4 (webtiles) character file.

30187 Leibowitz the Covert (level 12, 0/103 HPs)
             Began as a Demigod Gladiator on Dec 12, 2016.
             Slain by a seven-headed hydra (10 damage)
             ... on level 5 of the Lair of Beasts.
             The game lasted 00:59:12 (19300 turns).

Leibowitz the Covert (Demigod Gladiator)           Turns: 19300, Time: 00:59:13

Health: 0/103      AC: 11    Str: 24 (25) XL:     12   Next: 89%
Magic:  15/15      EV: 16    Int: 10 (12) God:
Gold:   798        SH: 17    Dex: 26 (28) Spells: 10/11 levels left

rFire  . . .     SeeInvis +     a - +7 quick blade
rCold  . . .     Gourm    .     B - +0 leather armour
rNeg   . . .     Faith    .     M - +0 large shield
rPois  +         Spirit   .     c - +1 helmet
rElec  .         Reflect  .     q - +2 cloak {rPois}
rCorr  .         Harm     .     n - +0 pair of gloves
MR     +....                    i - +0 pair of boots
Stlth  ++++++....               (no amulet)
                                C - +6 ring of dexterity
                                T - ring "Mif Buro" {Str+5 SInv Stlth+}

@: invisible
A: high mp 1
a: no special abilities


You were on level 5 of the Lair of Beasts.
You were not hungry.

You visited 2 branches of the dungeon, and saw 16 of its levels.
You also visited: Labyrinth.

You collected 798 gold pieces.

Inventory:

Hand Weapons
 a - a +7 quick blade (weapon)
 b - a +2 rapier of venom
Missiles
 d - 2 throwing nets (quivered)
Armour
 c - a +1 helmet (worn)
 i - a +0 pair of boots (worn)
 n - a +0 pair of gloves (worn)
 q - a +2 cloak of poison resistance (worn)
 B - a +0 leather armour (worn)
 M - a +0 large shield (worn)
Jewellery
 j - the ring of Ubrescha {Wiz rElec rC+ Str-5 Int+3}
   (You acquired it on level 9 of the Dungeon)

   [ring of wizardry]

   It improves your spell success rate.
   It affects your strength (-5).
   It affects your intelligence (+3).
   It protects you from cold.
   It insulates you from electricity.
 w - an uncursed ring of poison resistance
 C - a +6 ring of dexterity (right hand)
 E - the ring of Okawaru's Hope {rElec Int+3 SInv}
   (You found it in a labyrinth)

   [ring of see invisible]

   It affects your intelligence (+3).
   It insulates you from electricity.
   It lets you see invisible.
 T - the ring "Mif Buro" (left hand) {Str+5 SInv Stlth+}
   (You found it on level 4 of the Lair of Beasts)

   [ring of stealth]

   It affects your strength (+5).
   It lets you see invisible.
   It makes you more stealthy.
Wands
 s - a wand of teleportation (5/9)
 t - a wand of digging (12/24)
 x - a wand of hasting (1/9)
 I - a wand of lightning (8/15)
Scrolls
 g - 4 scrolls of magic mapping
 k - 4 scrolls of enchant weapon
 m - 16 scrolls of identify
 o - 2 scrolls of immolation
 r - 5 scrolls of teleportation
 v - 7 scrolls of remove curse
 y - 5 scrolls of enchant armour
 F - a scroll of amnesia
 H - 3 scrolls of fog
 N - 3 scrolls of blinking
 O - 2 scrolls of fear
Potions
 e - 3 potions of curing
 u - 2 potions of haste
 z - 3 potions of agility
 J - a potion of cancellation
 L - 3 potions of heal wounds
Comestibles
 f - 16 bread rations
 h - 5 beef jerkies
 p - 6 meat rations
 A - 41 fruits


   Skills:
 + Level 8.8 Fighting
 - Level 10.9 Short Blades
 + Level 2.1 Throwing
 + Level 5.2 Armour
 * Level 7.8 Dodging
 * Level 11.7 Stealth
 * Level 7.1 Shields
 + Level 0.1 Evocations


You had 10 spell levels left.
You knew the following spells:

 Your Spells              Type           Power        Failure   Level  Hunger
a - Confusing Touch       Hex            #.....       100%        1    ##.....


Dungeon Overview and Level Annotations

Branches:
Dungeon (11/15)            Temple (0/1) D:7            Lair (5/6) D:8
 Shoals (0/4) Lair:2        Snake (0/4) Lair:2          Orc (0/2) D:10
  Slime: Lair:5-6

Shops:
D:6 %   D:8 *   D:11 (

Annotations:
D:10 asdguy00's ghost, journeyman DrFE
D:11 Harold
Lair:1 exclusion: 2 oklob plants


Innate Abilities, Weirdness & Mutations

You have an increased reservoir of magic. (+10% MP)


Message History

You hit the seven-headed hydra.
The seven-headed hydra is heavily wounded.
The seven-headed hydra bites you!
* * * LOW HITPOINT WARNING * * *
You block the seven-headed hydra's attack. x2
The seven-headed hydra bites you.
* * * LOW HITPOINT WARNING * * *
You block the seven-headed hydra's attack.
The seven-headed hydra barely misses you.
The seven-headed hydra bites you.
* * * LOW HITPOINT WARNING * * *
You fade into invisibility!
The seven-headed hydra bites you but does no damage.
You block the seven-headed hydra's attack.
The seven-headed hydra bites you!
* * * LOW HITPOINT WARNING * * *
The seven-headed hydra bites you but does no damage. x2
You block the seven-headed hydra's attack.
The seven-headed hydra bites you!
You die...

##...## ##............
##...## #............
#....# ##...........
###...## #...........
#......# #...........
###...##### ##..........
##....#.#########........
##......#.P#..#.........
#P...D@†..[..÷.........
#........÷.#.#.P###P...
#...####.#.####### ###..
#...## #?##F# #.. #..#..
...#..# ##.
...#...........P# ## ..
......D......#
............##
.......D....#


You could see a seven-headed hydra.

Vanquished Creatures
  A minotaur (Lab)
  A hydra (Lair:4)
  A queen ant (Lair:3)
  An unseen horror (D:10)
  A hill giant (D:10)
  Pikel (D:4)
  A manticore (Lair:2)
  A cyclops (D:10)
  A black mamba (Lair:3)
  Joseph (D:9)
  13 spiny frogs
  A rime drake (Lair:5)
  5 komodo dragons
  A troll (D:5)
  A hornet (D:11)
  2 two-headed ogres
  4 blink frogs (Lair:3)
  6 hippogriffs
  4 dream sheep (Lair:5)
  A spriggan (D:8)
  27 yaks
  Sigmund (D:6)
  3 wyverns
  2 basilisks
  A steam dragon (D:5)
  A hungry ghost (D:7)
  Eustachio (D:5)
  2 wargs (D:10)
  14 water moccasins
  A soldier ant (Lair:3)
  Duvessa (D:6)
  12 porcupines
  2 ice beasts
  3 sky beasts
  5 orc warriors
  2 black bears
  3 ogres
  11 wolves
  3 phantoms
  A necrophage (D:7)
  7 centaurs
  10 crocodiles
  Blork the orc (D:6)
  19 bullfrogs
  Dowan (D:6)
  3 scorpions
  A water moccasin skeleton (D:10)
  A troll zombie (D:7)
  9 wights
  6 howler monkeys
  6 electric eels
  4 crimson imps
  3 human zombies (D:7)
  A jelly (D:9)
  A bullfrog zombie (D:7)
  4 hounds
  6 orc priests
  Crazy Yiuf (D:2)
  7 orc wizards
  3 centaur skeletons
  3 iguanas
  Natasha (D:1)
  30 worker ants
  An ogre zombie (D:7)
  A hound zombie (D:10)
  A hound skeleton (D:7)
  4 mummies (D:7)
  12 gnolls
  A howler monkey zombie (D:10)
  15 adders
  A shadow imp (D:5)
  2 oozes
  An adder zombie (D:9)
  3 worms
  3 dart slugs
  6 leopard geckos
  17 orcs
  6 giant cockroaches
  11 goblins
  10 hobgoblins
  8 jackals
  6 quokkas
  6 bats
  2 frilled lizards
  A jackal skeleton (D:5)
  7 kobolds
  A leopard gecko zombie (D:5)
  An orc zombie (D:7)
  A quokka zombie (D:6)
  7 rats
  A bush (D:2)
408 creatures vanquished.

Vanquished Creatures (others)
  An ogre (D:4)
  A quokka (D:4)
  7 fungi
  20 plants
29 creatures vanquished.

Grand Total: 437 creatures vanquished

Notes
Turn   | Place    | Note
-------+----------+-------------------------------------------
     0 | D:1      | Leibowitz the Demigod Gladiator began the quest for the Orb.
     0 | D:1      | Reached XP level 1. HP: 17/17 MP: 3/3
   182 | D:1      | Reached XP level 2. HP: 10/24 MP: 4/4
   927 | D:2      | Reached XP level 3. HP: 29/29 MP: 5/5
   950 | D:2      | Found a basalt altar of Yredelemnul.
  1036 | D:2      | Noticed Natasha
  1077 | D:1      | Killed Natasha
  1077 | D:1      | Reached skill level 1 in Stealth
  1479 | D:2      | Reached XP level 4. HP: 30/36 MP: 6/6
  1695 | D:2      | Found a runed door.
  1699 | D:2      | Noticed Crazy Yiuf
  1704 | D:2      | Killed Crazy Yiuf
  1704 | D:2      | Reached skill level 1 in Armour
  1801 | D:3      | Found a stormy altar of Qazlal.
  1914 | D:3      | Found a glowing silver altar of Zin.
  1959 | D:3      | Found a hazy altar of Hepliaklqana.
  2083 | D:3      | Found a sparkling altar of Nemelex Xobeh.
  2192 | D:3      | Found a faded altar of an unknown god.
  2253 | D:3      | Reached skill level 2 in Stealth
  2357 | D:3      | Reached XP level 5. HP: 41/41 MP: 7/7
  2667 | D:4      | Noticed a phantom
  2667 | D:4      | Noticed a phantom
  2738 | D:3      | Killed a phantom
  2970 | D:4      | Killed a phantom
  2970 | D:4      | Reached XP level 6. HP: 17/50 MP: 8/8
  3422 | D:4      | Reached skill level 3 in Stealth
  3468 | D:4      | Noticed Pikel
  3534 | D:4      | Killed Pikel
  3534 | D:4      | Reached skill level 5 in Short Blades
  3534 | D:4      | Reached XP level 7. HP: 31/57 MP: 9/9
  3686 | D:4      | Found a shadowy altar of Dithmenos.
  3812 | D:4      | Reached skill level 4 in Stealth
  4221 | D:5      | Entered Level 5 of the Dungeon
  4335 | D:5      | Noticed a steam dragon
  4352 | D:5      | Killed a steam dragon
  4352 | D:5      | Reached XP level 8. HP: 12/63 MP: 10/10
  5115 | D:5      | Noticed Eustachio
  5117 | D:5      | Killed Eustachio
  5117 | D:5      | Reached skill level 5 in Stealth
  5725 | D:5      | Noticed a troll
  5729 | D:5      | Killed a troll
  6029 | D:6      | Reached XP level 9. HP: 71/71 MP: 11/11
  6033 | D:6      | Found a blossoming altar of Fedhas.
  6094 | D:6      | Noticed Sigmund
  6415 | D:6      | Noticed Dowan
  6422 | D:6      | Noticed Duvessa
  6425 | D:6      | Killed Duvessa
  6426 | D:6      | Killed Dowan
  6436 | D:6      | Reached skill level 6 in Stealth
  6572 | D:6      | Killed Sigmund
  6641 | D:6      | Reached skill level 5 in Dodging
  6829 | D:6      | Found a shattered altar of Ashenzari.
  6866 | D:6      | Found Nifuboth's Food Boutique.
  6867 | D:6      | Noticed Blork the orc
  6874 | D:6      | Killed Blork the orc
  7024 | D:7      | Found a staircase to the Ecumenical Temple.
  7494 | D:7      | Reached skill level 5 in Fighting
  7494 | D:7      | Reached skill level 7 in Stealth
  7506 | D:7      | Found an ancient bone altar of Kikubaaqudgha.
  8330 | D:8      | Found Ecoxkolann's General Store.
  8391 | D:8      | Reached XP level 10. HP: 80/80 MP: 13/13
  8609 | D:8      | Found a deep blue altar of Sif Muna.
  8623 | D:8      | Found a staircase to the Lair.
  9185 | D:9      | Identified 3 scrolls of acquirement
  9192 | D:9      | Got a flickering lapis lazuli ring
  9194 | D:9      | Identified the ring of Ubrescha {Wiz rElec rC+ Str-5 Int+3} (You acquired it on level 9 of the Dungeon)
  9251 | D:9      | Reached skill level 10 in Short Blades
  9398 | D:9      | Found a snail-covered altar of Cheibriados.
  9564 | D:8      | Reached skill level 8 in Stealth
  9790 | D:9      | Noticed Joseph
  9815 | D:9      | Killed Joseph
 10014 | D:9      | You fall through a shaft!
 10014 | D:10     | Entered Level 10 of the Dungeon
 10245 | D:10     | Found a staircase to the Orcish Mines.
 10846 | D:10     | Noticed a cyclops
 10866 | D:10     | Killed a cyclops
 10886 | D:10     | HP: 3/83 [something (8)]
 10891 | D:10     | Killed an unseen horror
 11054 | D:10     | Noticed asdguy00's ghost (journeyman DrFE)
 11325 | D:10     | Reached skill level 9 in Stealth
 11358 | D:10     | Noticed a hill giant
 11361 | D:10     | Killed a hill giant
 11361 | D:10     | Reached XP level 11. HP: 91/91 MP: 14/14
 11810 | D:11     | Found Lomomirchom's Antique Weapon Shoppe.
 11810 | D:11     | Noticed Harold
 11994 | Lair:1   | Entered Level 1 of the Lair of Beasts
 12918 | Lair:1   | Reached skill level 1 in Shields
 13191 | Lair:1   | Reached skill level 10 in Stealth
 13632 | Lair:2   | Found a staircase to the Snake Pit.
 14634 | Lair:2   | Found a staircase to the Shoals.
 15625 | Lair:3   | Reached XP level 12. HP: 101/101 MP: 15/15
 16038 | Lair:3   | Learned a level 1 spell: Confusing Touch
 16060 | Lair:3   | Reached skill level 5 in Shields
 16936 | Lair:3   | Reached skill level 11 in Stealth
 17593 | Lair:4   | Got a sparkling lead ring
 17623 | Lair:4   | Identified the ring "Mif Buro" {Str+5 SInv Stlth+} (You found it on level 4 of the Lair of Beasts)
 17691 | Lair:4   | Noticed a seven-headed hydra
 17698 | Lair:4   | Killed a seven-headed hydra
 17698 | Lair:4   | Reached skill level 5 in Armour
 18133 | Lair:5   | Found a labyrinth entrance.
 18157 | Lab      | Entered a labyrinth
 18444 | Lab      | Noticed a minotaur
 18452 | Lab      | Killed a minotaur
 18454 | Lab      | Got a fine granite ring
 18467 | Lab      | Identified the ring of Okawaru's Hope {rElec Int+3 SInv} (You found it in a labyrinth)
 19195 | Lair:5   | Noticed a seven-headed hydra
 19300 | Lair:5   | Slain by a seven-headed hydra

Vault maps used:
D:1:      eino_arrival_cavern_a, minmay_misc_feat_alley
D:2:      yredelemnul_altar_generic, uniq_natasha, uniq_crazy_yiuf_cottage
D:3:      lemuel_crystal_altar, old_standard_altar, lemuel_doored_altar,
          nemelex_altar_shiori, chequers_ecumenical_altar_twisty,
          minmay_quantized
D:4:      grunt_dithmenos_smoke, first_bread, roderic_three_in_a_row,
          kennysheep_opposing_triangles, uniq_pikel
D:5:      chequers_big_river, grunt_ministairs_2, minmay_misc_feat_cross,
          uniq_eustachio
D:6:      kennysheep_mini, lemuel_crystal_altar, serial_shops, shop,
          grunt_decor_fettered, uniq_sigmund, uniq_blork_the_orc, uniq_duvessa
D:7:      lemuel_mausoleum_altar_kikubaaqudgha
D:8:      kennysheep_little_box, dpeg_oklobed_lair, serial_shops, shop,
          the_bakery, hangedman_abyss_or_decor_jellyfish_corner
D:9:      cheibriados_altar_1, uniq_joseph
D:10:     erik_orc_3, roderic_bali_sauvastika
D:11:     serial_shops, shop, serial_bayou, serial_bayou_crossing,
          serial_bayou_pond_c, serial_bayou_pond_d, serial_bayou_pond_e,
          uniq_harold
Lair:1:   beast_lair_carwin_10, minmay_lair_oklob_chamber, serial_bayou_shore_b,
          grunt_megastairs_4
Lair:2:   minmay_shoals_entry_beasts, dummy_snake_entry, grunt_megastairs_1,
          lemuel_fruit_fields, serial_bayou_shore_a, lemuel_fruit_fields
Lair:3:   serial_bayou_lagoon_a, minmay_another_anthill, lemuel_fruit_tree,
          serial_bayou_shore_b
Lair:4:   nicolae_quartered_pool_little, minivault_23, lemuel_fruit_fields,
          grunt_megastairs_3
Lair:5:   lab_entry_generic
Lab:      nicolae_lab_grate_2

Skill      XL: |  1  2  3  4  5  6  7  8  9 10 11 12 |
---------------+-------------------------------------+-----
Fighting       | 2 3 4 5 6 7 8 |  8.8
Short Blades   | 3 4 5 6 7 9 10 | 10.9
Dodging        | 3 4 5 6 7 |  7.8
Throwing       | 2 |  2.1
Stealth        | 1 2 3 4 5 7 9 10 11 | 11.7
Armour         | 1 2 3 4 5 |  5.2
Shields        | 3 7 |  7.1
Evocations     | |  0.1

Action                   |  1- 3 |  4- 6 |  7- 9 | 10-12 || total
-------------------------+-------+-------+-------+-------++-------
Melee: Rapier            |    92 |   278 |   550 |    91 ||  1011
       Quick blade       |       |       |       |  1417 ||  1417
Throw: Throwing net      |       |     4 |       |     1 ||     5
Evoke: Wand              |       |       |       |     1 ||     1
  Use: Scroll            |       |     8 |     3 |     6 ||    17
       Potion            |       |       |     6 |     8 ||    14
 Stab: Sleeping          |     3 |     7 |    20 |    36 ||    66
       Held in net/web   |       |     3 |       |     1 ||     4
       Distracted        |       |       |     3 |     6 ||     9
  Eat: Chunk             |     1 |     8 |    16 |    33 ||    58
       Pizza             |       |       |       |     1 ||     1
Armor: Leather armour    |    21 |    66 |    97 |   144 ||   328
Dodge: Dodged            |    58 |   108 |   276 |   321 ||   763
Block: Large shield      |       |       |       |   336 ||   336
